AoeStats
← Housed, M.D.

MegaRandom

510628019Analyzed
2v2 RM · 15h ago on Oct 1, 2026· 53m 7s· 4 players
Game mode
Random Map
Map size
Medium (4 player)
Population
200
Speed
Normal
Resources
Standard
Victory
Conquest
Starting age
Dark Age
Ending age
Imperial Age
RankedLock teamsTeams togetherTeam positionsShared explorationLock speedFull tech treeHidden civsTurbo modeCheats
Victory
Defeat
🇨🇿 Sicilians · Czechia
1150
+14
🇨🇿 Wei · Czechia
1045
+53
1127
-17
🇮🇳 Lithuanians · India
1068
-15
JamieLannister
8:25 Loom
10:37 Feudal Age
14:27 Castle Age
13:29 Fletching
13:38 Double-Bit Axe
17:15 Horse Collar
21:04 Bloodlines
21:41 Ballistics
22:31 Husbandry
24:59 Padded Archer Armor
25:27 Bodkin Arrow
28:23 Bow Saw
29:06 Wheelbarrow
30:32 Hand Cart
31:09 Heavy Plow
30:55 Town Watch
35:59 Imperial Age
35:27 Padded Archer Armor
36:41 Bracer
36:06 Heavy Mounted Crossbowman
36:10 Cranequins
37:40 Leather Archer Armor
38:27 Chemistry
38:30 Siege Engineers
38:33 Gold Mining
40:06 Gold Shaft Mining
40:14 Masonry
39:46 Light Cavalry
41:14 Scale Mail Armor
41:15 Stone Mining
Housed, M.D.
5:17 Loom
11:38 Feudal Age
13:29 Horse Collar
13:39 Double-Bit Axe
16:55 Bloodlines
17:02 Bloodlines
18:50 Forging
22:18 Castle Age
21:05 Stone Mining
21:29 Scale Barding Armor
22:05 Gold Mining
23:22 Husbandry
25:01 Chain Barding Armor
25:17 Iron Casting
25:58 Bow Saw
30:11 Scale Mail Armor
35:03 Imperial Age
32:28 Pikeman
33:20 Tuntian
34:14 Wheelbarrow
35:02 Town Watch
35:35 Halberdier
38:02 Gold Shaft Mining
37:19 Heavy Hei Guang Cavalry
39:04 Blast Furnace
38:46 Squires
39:01 Heavy Plow
44:33 Scale Mail Armor
46:30 Chain Mail Armor
49:40 Chemistry
49:16 Ming Guang Armor
Kimster213
0:28 Loom
11:53 Feudal Age
16:55 Castle Age
17:47 Town Watch
21:52 Horse Collar
26:35 Heavy Plow
35:43 Imperial Age
36:00 Imperial Age
35:41 Double-Bit Axe
36:05 Fletching
36:21 Scale Barding Armor
37:00 Bodkin Arrow
38:05 Murder Holes
39:14 Hoardings
39:43 Bracer
40:30 Masonry
41:49 Forging
46:14 Fortified Wall
48:24 Architecture
49:27 Iron Casting
51:08 Wheelbarrow
50:49 Hill Forts
51:10 Conscription
51:00 Elite Leitis
51:45 Gold Mining
Torfhildur Þorsteinsdóttir
7:10 Loom
10:55 Feudal Age
11:29 Double-Bit Axe
11:25 Horse Collar
16:26 Man-at-Arms
17:57 Fletching
18:30 Padded Archer Armor
23:20 Castle Age
22:17 Stone Mining
24:18 Bodkin Arrow
24:38 Leather Archer Armor
29:02 Wheelbarrow
32:04 Hand Cart
31:35 Town Watch
33:09 Heavy Plow
33:11 Gold Mining
37:26 Imperial Age
35:10 Scale Mail Armor
35:20 Forging
34:33 Elite Skirmisher
37:36 Forging
38:55 Conscription
39:18 Iron Casting
39:09 Chain Mail Armor
40:03 Bracer
40:33 Ring Archer Armor
40:29 Ballistics
40:15 Elite Samurai
44:02 Chemistry
44:08 Ring Archer Armor
44:34 Thumb Ring
46:51 Conscription
47:45 Bow Saw
Connection lost

Rejoining the realm…

Still unreachable

The connection could not be restored.

Session expired

The server has moved on; the page needs a fresh start.